 Dungeon Crawl Stone Soup version 0.29.0-10-g45618ea6d2 (webtiles) character file.

Game seed: 5007556876406234132

61 nickcage the Digger (level 4, 0/24 HPs)
             Began as a Gargoyle Earth Elementalist on Sept 1, 2022.
             Killed by nerve-wracking pain
             ... invoked by Grinder
              (4 damage)
             ... on level 3 of the Dungeon.
             The game lasted 00:04:57 (1546 turns).

nickcage the Digger (Gargoyle Earth Elementalist)   Turns: 1546, Time: 00:04:59

Health: 0/24       AC:  6    Str: 12    XL:     4   Next: 7%
Magic:  1/8        EV: 11    Int: 17    God:
Gold:   94         SH:  0    Dex: 10    Spells: 3/9 levels left

rFire   . . .      SeeInvis .   m - +2 short sword (speed)
rCold   . . .      Faith    .   (no shield)
rNeg    + . .      Spirit   .   a - +0 robe
rPois   ∞          Reflect  .   (no helmet)
rElec   +          Harm     .   (no cloak)
rCorr   .          Rampage  .   (no gloves)
Will    .....                   o - +0 pair of boots
Stlth   ++........              (no amulet)
HPRegen 0.08/turn               (no ring)
MPRegen 0.11/turn               (no ring)

@: no status effects
A: sickness immunity, AC +3, negative energy resistance 1, electricity
resistance, torment resistance 1, petrification resistance
a: no special abilities


You were on level 3 of the Dungeon.
You visited 1 branch of the dungeon, and saw 3 of its levels.

You collected 94 gold pieces.

Inventory:

Hand Weapons
 c - a +0 short sword of speed
 m - a +2 short sword of speed (weapon)
Armour
 a - a +0 robe (worn)
 o - a +0 pair of boots (worn)
Scrolls
 d - a scroll of summoning {unknown}
 e - 2 scrolls of enchant armour {unknown}
 f - 2 scrolls of noise {unknown}
 g - a scroll of blinking {unknown}
 h - 2 scrolls of identify {unknown}
 i - a scroll of amnesia {unknown}
 l - a scroll of vulnerability {unknown}
 r - a scroll of enchant weapon {unknown}
Potions
 b - a potion of magic
 j - 3 potions of curing {unknown}
 k - a potion of mutation {unknown}
 n - a potion of berserk rage {unknown}
 p - 2 potions of invisibility {unknown}
 q - a potion of lignification {unknown}
 s - 2 potions of attraction {unknown}


   Skills:
 - Level 1.5 Dodging
 - Level 2.1 Stealth
 + Level 3.0 Spellcasting
 - Level 0.7 Transmutations
 + Level 5.0 Earth Magic


You had 3 spell levels left.
You knew the following spells:

 Your Spells              Type           Power      Damage    Failure   Level
a - Sandblast             Erth           38%        2d10      2%          1
b - Passwall              Tmut/Erth      10%        N/A       9%          2
c - Stone Arrow           Conj/Erth      22%        3d8       19%         3

Your spell library contained the following spells:

 Spells                   Type           Power      Damage    Failure   Level
 Shock                    Conj/Air       8%         1d3       17%         1
 Swiftness                Air            2%         N/A       45%         3
 Petrify                  Tmut/Erth      12%        N/A       47%         4
 Airstrike                Air            1%         2d(1-17)  86%         4


Dungeon Overview and Level Annotations

Branches:
Dungeon (3/15)

Altars:
Okawaru

Annotations:
D:3 Grinder


Innate Abilities, Weirdness & Mutations

You are immune to sickness and miasma.
Your stone body is resilient. (AC +3)
You are immune to poison.
You resist negative energy. (rN+)
You are resistant to electric shocks. (rElec)
You are resistant to unholy torment.
You are immune to petrification.


Message History

Grinder attacks as you move away! Grinder barely misses you.
Aiming: Sandblast (safe; 2% risk of failure)
Press: ? - help, Q - select action, (/) - cycle Shift-Dir - straight line, f/p - Grinder
Aim: Grinder (severely wounded, 80% to hit)
The blast of sand hits Grinder but does no damage.
Grinder is severely wounded.
Grinder misses you.
You hit Grinder but do no damage.
Grinder is severely wounded.
Grinder gestures at you. Pain shoots through your body!
You closely miss Grinder.
Grinder is severely wounded.
Grinder closely misses you.
You closely miss Grinder.
Grinder is severely wounded.
Grinder barely misses you.
You hit Grinder.
Grinder is severely wounded.
You hit Grinder but do no damage.
Grinder is severely wounded.
Grinder barely misses you.
You closely miss Grinder.
Grinder is severely wounded.
Grinder says, "FISH!"
Grinder hits you.
* * * LOW HITPOINT WARNING * * *
You writhe in agony.
* * * LOW HITPOINT WARNING * * *
You barely miss Grinder.
Grinder is severely wounded.
You hit Grinder but do no damage.
Grinder is severely wounded.
Grinder gestures at you.
You suddenly lose the ability to move!
Grinder blinks! x2
You can move again.
Grinder gestures at you. Pain shoots through your body!
You die...

.. ..# ... ####..#
..>.#######....#
............###########
.......)..†.(.........#
....?..†...#####......#
......###.....).......#
....$.................#
....#####...5..@......#
... #...r.........# ..
#..........<..# #
#.............#
...............#
..#.......#######
..##.......# .#
#########


You could see Grinder and a rat.

Vanquished Creatures
  2 adders (D:2)
  An orc (D:2)
  2 ball pythons
  7 endoplasms
  A giant cockroach (D:1)
  3 hobgoblins
  3 jackals (D:1)
  6 kobolds
  A quokka (D:1)
  4 bats
  3 frilled lizards (D:1)
  6 goblins
39 creatures vanquished.

Notes
Turn   | Place    | Note
-------+----------+-------------------------------------------
     0 | D:1      | nickcage the Gargoyle Earth Elementalist began the quest
                  | for the Orb.
     0 | D:1      | Reached XP level 1. HP: 10/10 MP: 3/3
   147 | D:1      | Reached skill level 4 in Earth Magic
   170 | D:1      | Found a faded altar of an unknown god.
   219 | D:1      | Reached XP level 2. HP: 15/15 MP: 3/5
   224 | D:1      | Learned a level 2 spell: Passwall
   507 | D:1      | Reached XP level 3. HP: 19/19 MP: 1/6
   756 | D:1      | Learned a level 3 spell: Stone Arrow
   878 | D:2      | Found an iron altar of Okawaru.
  1458 | D:3      | Reached XP level 4. HP: 24/24 MP: 6/8
  1480 | D:3      | Reached skill level 5 in Earth Magic
  1493 | D:3      | Noticed Grinder
  1500 | D:3      | Paralysed by Grinder for 4 turns
  1514 | D:3      | Paralysed by Grinder for 3 turns
  1528 | D:3      | Paralysed by Grinder for 2 turns
  1540 | D:3      | Paralysed by Grinder for 4 turns
  1546 | D:3      | Killed from afar by Grinder

Illustrated notes

Levels and vault maps discovered:
D:1:      heliophobic_arrival_henge, layout_rooms,
          ebering_ecumenical_altar_webs, minmay_pentomino_x2
D:2:      layout_basic, basic_altar
D:3:      layout_rooms, nicolae_ru_the_path_less_chosen,
          mainiacjoe_overflow_surrounded_room, gammafunk_ghost_gnarly_gnolls,
          uniq_grinder

Skill      XL: |  1  2  3  4 |
---------------+-------------+-----
Earth Magic    | 4 5 |  5.0
Spellcasting   | 3 |  3.0
Dodging        | |  1.5
Stealth        | |  2.1
Transmutations | |  0.7

Action                   |  1- 3 |  4- 6 || total
-------------------------+-------+-------++-------
Melee: Short sword       |     2 |    20 ||    22
 Cast: Sandblast         |    40 |    13 ||    53
 Stab: Sleeping          |     1 |       ||     1
Armor: Robe              |     4 |    10 ||    14
Dodge: Dodged            |     8 |    10 ||    18
